 Dungeon Crawl Stone Soup version 0.26-a0-682-g294304f6e8 (webtiles) character file.

Game seed: 8586689241545730425

(classic levelgen) 26 EnegeticOcto the Digger (level 3, 0/21 HPs)
             Began as a Halfling Earth Elementalist on Oct 20, 2020.
             Slain by a gnoll
             ... wielding a +0 flail
              (7 damage)
             ... on level 1 of the Dungeon.
             The game lasted 00:01:15 (195 turns).

EnegeticOcto the Digger (HaEE)                       Turns: 195, Time: 00:01:16

Health: 0/21       AC:  2    Str:  9    XL:     3   Next: 22%
Magic:  1/5        EV: 15    Int: 14    God:
Gold:   25         SH:  0    Dex: 14    Spells: 4/5 levels left

rFire    . . .     SeeInvis .   d - +0 whip
rCold    . . .     Faith    .   (shield restricted)
rNeg     . . .     Spirit   .   c - +0 robe
rPois    .         Reflect  .   (no helmet)
rElec    .         Harm     .   (no cloak)
rCorr    .         Rampage  .   (no gloves)
MR       .....                  (no boots)
Stlth    ++........             (no amulet)
HPRegen  0.07/turn              (no ring)
MPRegen  0.09/turn              (no ring)

@: no status effects
A: small, mutation resistance 1
a: no special abilities


You were on level 1 of the Dungeon.
You visited 1 branch of the dungeon, and saw 2 of its levels.

You collected 25 gold pieces.

Inventory:

Hand Weapons
 a - a +0 club
 d - a +0 whip (weapon)
Missiles
 b - 41 stones (quivered)
Armour
 c - a +0 robe (worn)
Scrolls
 e - a scroll of remove curse {unknown}


   Skills:
 - Level 2.1 Dodging
 - Level 2.1 Stealth
 - Level 1.5 Spellcasting
   Level 0.5 Transmutations
 + Level 4.1 Earth Magic


You had 4 spell levels left.
You knew the following spells:

 Your Spells              Type           Power        Failure   Level
a - Sandblast             Erth           ##....       4%          1

Your spell library contained the following spells:

 Spells                   Type           Power        Failure   Level
 Passwall                 Tmut/Erth      #.......     14%         2
 Stone Arrow              Conj/Erth      #.....       32%         3
 Petrify                  Tmut/Erth      #.......     67%         4
 Lee's Rapid Deconstruct  Erth           ##........   77%         5


Dungeon Overview and Level Annotations

Branches:
Dungeon (2/15)

Altars:
Okawaru


Innate Abilities, Weirdness & Mutations

You are small and have problems with some larger weapons.
You are somewhat resistant to further mutation.


Message History

The kobold barely misses you.
You hit the kobold.
The kobold is severely wounded.
The kobold closely misses you.
You hit the kobold.
You kill the kobold!
Things that are here:
a +0 dagger; a kobold corpse
e - a scroll labeled BOSCHE TAUQEB
(D) Dungeon
Where to? (Enter - D:2, ? - help) Magic restored.
There is a stone staircase leading down here.
You climb downwards.
The adder bites you. The adder closely misses you.
There is a stone staircase leading up, spattered with blood here.
Casting: Sandblast (safe; 5% risk of failure)
Confirm with . or Enter, or press ? or * to list all spells.
Aiming: Sandblast (safe; 5% risk of failure)
Press: ? - help, Shift-Dir - straight line, f - adder
Aim: an adder The blast of sand hits the adder!
The adder is severely wounded.
b - 47 stones The adder barely misses you.
The adder closely misses you.
Casting: Sandblast (safe; 5% risk of failure)
Confirm with . or Enter, or press ? or * to list all spells.
Aiming: Sandblast (safe; 5% risk of failure)
Press: ? - help, Shift-Dir - straight line, f/p - adder
Aim: an adder (severely wounded)
The blast of sand misses the adder.
b - 46 stones The adder barely misses you.
Casting: Sandblast (safe; 5% risk of failure)
Confirm with . or Enter, or press ? or * to list all spells.
Aiming: Sandblast (safe; 5% risk of failure)
Press: ? - help, Shift-Dir - straight line, f/p - adder
Aim: an adder (severely wounded)
The blast of sand misses the adder.
b - 45 stones The adder misses you.
Casting: Sandblast (safe; 5% risk of failure)
Confirm with . or Enter, or press ? or * to list all spells.
Aiming: Sandblast (safe; 5% risk of failure)
Press: ? - help, Shift-Dir - straight line, f/p - adder
Aim: an adder (severely wounded)
The blast of sand hits the adder!
You kill the adder!
Your Earth Magic skill increases to level 4!
You have reached level 3!
Your experience leads to an increase in your attributes!
Increase (s)trength, (i)ntelligence, or (d)exterity?
You feel clever.
b - 44 stones You now have 10 gold pieces.
You see here an adder corpse.
You see here a +0 club.
You see here 15 gold pieces.
You now have 25 gold pieces (gained 15).
A bat comes into view.
Found an iron altar of Okawaru.
A gnoll comes into view.
The bat hits you but does no damage.
Casting: Sandblast (safe; 4% risk of failure)
Confirm with . or Enter, or press ? or * to list all spells.
Aiming: Sandblast (safe; 4% risk of failure)
Press: ? - help, Shift-Dir - straight line, f - bat
Aim: a bat The blast of sand hits the bat!
You kill the bat!
b - 43 stones A gnoll comes into view.
A goblin and a gnoll come into view.
The gnoll shouts!
You hear a shout!
A hobgoblin comes into view. It is wielding a +0 club.
A goblin comes into view. It is wielding a +0 club.
The gnoll moves out of view.
You hear a shout!
The hobgoblin shouts!
You hear a shout!
You hear a shout! x6
You hear a shout!
You see here an adder corpse.
There is a stone staircase leading up, spattered with blood here.
Casting: Sandblast (safe; 4% risk of failure)
Confirm with . or Enter, or press ? or * to list all spells.
Aiming: Sandblast (safe; 4% risk of failure)
Press: ? - help, Shift-Dir - straight line, f - gnoll
Aim: a gnoll, wielding a +0 flail and wearing a +0 chain mail The blast of sand hits the gnoll but does no damage.
b - 42 stones
Casting: Sandblast (safe; 4% risk of failure)
Confirm with . or Enter, or press ? or * to list all spells.
Aiming: Sandblast (safe; 4% risk of failure)
Press: ? - help, Shift-Dir - straight line, f/p - gnoll
Aim: a gnoll, wielding a +0 flail and wearing a +0 chain mail The blast of sand hits the gnoll but does no damage.
b - 41 stones The gnoll hits you with a +0 flail.
You climb upwards.
There is a stone staircase leading down here.
The gnoll hits you with a +0 flail!
You die...

###.#.#.#######
#.....#.##
#.###'#......#
#........##..#
####......#..#
#...#.....#
#...##.#.##
#...##...#
#######.@# #.g>#
###.# #### #.#
#######.#8 #.#####
#.........
#.....###8..8..8..
#.###...'.........
...#
#####8..8..8..
##### #.........


You could see a gnoll.

Vanquished Creatures
  2 adders (D:2)
  A bat (D:2)
  A goblin (D:2)
  A hobgoblin (D:1)
  3 kobolds (D:1)
8 creatures vanquished.

Notes
Turn   | Place    | Note
-------+----------+-------------------------------------------
     0 | D:1      | EnegeticOcto the Halfling Earth Elementalist began the
                  | quest for the Orb.
     0 | D:1      | Reached XP level 1. HP: 11/11 MP: 3/3
    97 | D:2      | Reached XP level 2. HP: 9/17 MP: 0/4
   146 | D:2      | Reached skill level 4 in Earth Magic
   146 | D:2      | Reached XP level 3. HP: 8/21 MP: 0/5
   164 | D:2      | Found an iron altar of Okawaru.
   195 | D:1      | Slain by a gnoll

Illustrated notes

Levels and vault maps discovered:
D:1:      elethiomel_arrival_quiet, layout_basic, minmay_pentomino_u2
D:2:      layout_basic, okawaru_metal_pillars_3, uniq_robin

Skill      XL: |  1  2 |
---------------+-------+-----
Earth Magic    | 4 |  4.1
Dodging        | |  2.1
Stealth        | |  2.1
Spellcasting   | |  1.5
Transmutations | |  0.5

Action                   || total
-------------------------++-------
Melee: Unarmed           ||    11
       Whip              ||    13
       Club              ||     2
 Cast: Sandblast         ||    14
Armor: Robe              ||     2
Dodge: Dodged            ||    31

Table legend: (Time is in decaauts)
 A = Elapsed time spent in this place.
 B = Non-inter-level travel time spent in this place.
 C = Inter-level travel time spent in this place.
 D = Time resting spent in this place.
 E = Time spent auto-exploring this place.
 F = Levels seen in this place.
 G = Mean time per level.
                   A        B        C        D        E       F      G
               +--------+--------+--------+--------+--------+-----+--------+
         Total |    197 |    164 |     33 |      0 |      0 |   2 |   98.5 |
       Dungeon |    197 |    164 |     33 |      0 |      0 |   2 |   98.5 |
               +--------+--------+--------+--------+--------+-----+--------+

Top non-repeatable levels by time:
     D:1: 128 daAuts
     D:2: 69 daAuts
